Map: Acropolis LE

Players

DisReSpeCT - Winner!

  • Race: Terran Terran
  • Spawn Location: 11:00

PengWin

  • Race: Zerg Zerg
  • Spawn Location: 5:00

VOD

Have the link to the VOD?

Description

Time

  • Played on: Sept. 6, 2019, 1:25 p.m.
  • Length: 12:53
Show
View Real Time Build Order
Export as new Build Order

DisReSpeCT Terran - Winner!

Build Orders: Gas First Reaper Expand, Liberator Opening 

Get SALT Encoding   

  12  0:00  SCV  
  13  0:12  SCV  
  14  0:17  Supply Depot  
  14  0:24  SCV  
  15  0:32  Refinery  
  15  0:38  SCV  
  16  0:44  Barracks  
  16  0:50  SCV  
  17  1:02  SCV  
  18  1:15  SCV  
  19  1:32  Orbital Command, Reaper  
  20  1:42  Command Center  
  20  1:54  Factory  
  20  1:57  SCV  
  21  2:03  Refinery  
  21  2:10  Barracks Reactor  
  21  2:16  SCV  
  21  2:17  Supply Depot  
  22  2:28  SCV  
  22  2:42  Hellion  
  24  2:45  Starport  
  24  2:46  Marine  
  24  2:47  Marine, SCV  
  27  2:55  Orbital Command  
  27  2:59  SCV  
  28  3:12  Liberator  
  27  3:14  Hellion  
  27  3:15  Hellion  
  27  3:16  Barracks Tech Lab  
  27  3:19  Orbital Command  
  31  3:21  SCV  
  34  3:35  Marine  
  34  3:36  Stimpack  
  35  3:43  SCV  
  35  3:46  SCV  
  37  3:50  Hellion x2  
  41  3:55  SCV  
  41  3:58  SCV, Supply Depot  
  43  4:03  Marine  
  43  4:08  SCV  
  45  4:10  SCV  
  46  4:20  SCV  
  46  4:22  SCV  
  48  4:26  Marine  
  48  4:30  Starport Reactor  
  49  4:32  SCV  
  49  4:34  SCV, Barracks x2  
  49  4:35  Supply Depot  
  51  4:38  Factory Reactor  
  51  4:41  Engineering Bay  
  51  4:42  Engineering Bay  
  51  4:44  SCV  
  52  4:46  SCV  
  53  4:58  SCV  
  53  4:59  Marine  
  55  5:00  Refinery  
  55  5:01  SCV  
  56  5:08  Missile Turret  
  56  5:09  Terran Infantry Armor Level 1, Terran Infantry Weapons Level 1  
  56  5:10  SCV, Missile Turret  
  57  5:18  Combat Shield, Medivac  
  59  5:27  Factory Tech Lab  
  59  5:29  SCV, Missile Turret  
  59  5:34  Supply Depot  
  60  5:45  Marine  
  60  5:46  Marine  
  62  5:52  Supply Depot  
  62  5:55  Marine x2  
  62  5:56  Marine, SCV  
  66  5:57  Medivac x2  
  70  6:13  Marine x3, Siege Tank, SCV x2  
  70  6:14  Supply Depot x2  
  78  6:25  Supply Depot  
  78  6:28  SCV, Missile Turret  
  78  6:29  SCV  
  78  6:35  Marine x4  
  78  6:36  Missile Turret  
  82  6:40  Marine  
  82  6:43  SCV x2  
  82  6:45  Medivac x2  
  88  6:52  Supply Depot  
  88  6:53  Marine x3  
  91  6:55  SCV  
  91  7:00  Marine  
  93  7:02  SCV  
  93  7:04  Siege Tank  
  94  7:10  Armory  
  94  7:16  Marine  
  94  7:17  Marine  
  94  7:18  Command Center  
  94  7:19  Marine x2  
  94  7:21  SCV  
  99  7:23  Supply Depot  
  97  7:34  Marine x3  
  100  7:39  Marine x2  
  102  7:45  Siege Tank, Medivac x2  
  105  7:51  Marine  
  105  7:52  Marine  
  105  7:53  Marine  
  105  7:57  Marine, Reaper  
  104  8:01  SCV  
  104  8:02  SCV  
  105  8:10  Reaper  
  106  8:13  SCV, Barracks x2  
  106  8:14  SCV, Medivac  
  106  8:19  Terran Infantry Weapons Level 2  
  107  8:21  Marine  
  107  8:25  Marine  
  107  8:26  SCV  
  110  8:30  SCV  
  110  8:33  Marine  
  110  8:34  Marine  
  113  8:38  SCV  
  113  8:39  Marine  
  115  8:41  Marine  
  115  8:42  SCV  
  115  8:50  Marine  
  115  8:51  Marine x2  
  105  8:57  Marine  
  105  8:59  Marine  
  107  9:05  Siege Tank, Medivac x2  
  107  9:07  Marine, SCV, Barracks Tech Lab  
  107  9:08  Barracks Reactor  
  107  9:09  Marine x2  
  118  9:15  Marine, SCV  
  120  9:17  Marine  
  112  9:25  Marine  
  112  9:30  Marine x2, Marauder  
  111  9:33  Marine  
  111  9:35  Marauder  
  111  9:36  SCV  
  111  9:37  Siege Tank, SCV  
  117  9:42  Barracks x2, Supply Depot  
  117  9:43  Marine, Barracks  
  112  9:48  Marine, SCV  
  110  9:55  Marine x4, Marauder  
  110  9:57  Marauder  
  106  10:01  Marine, SCV x2  
  106  10:03  Orbital Command  
  106  10:05  Refinery  
  106  10:06  Marine  
  110  10:07  Medivac x2  
  110  10:12  Marine, Missile Turret  
  110  10:13  Marine x3, SCV x2, Missile Turret  
  110  10:14  Missile Turret  
  120  10:16  Marauder  
  122  10:21  Terran Infantry Armor Level 2  
  122  10:22  Supply Depot  
  122  10:23  Marine  
  122  10:24  Supply Depot  
  122  10:25  SCV, Supply Depot  
  124  10:29  Barracks Tech Lab x2  
  124  10:31  Marine x3  
  124  10:32  Marine  
  125  10:47  Marine  
  125  10:48  Marine x4, Marauder x2  
  125  10:49  Marine x3  
  99  11:06  Marine x5, Marauder x2  
  99  11:07  Marine x2  
  99  11:09  SCV, Marauder x2  
  99  11:10  SCV  
  111  11:14  Siege Tank, Medivac  
  111  11:15  SCV  
  117  11:24  Marine x2  
  119  11:27  Marauder x2  
  119  11:30  Marauder  
  126  11:32  SCV  
  118  11:54  Marine x6, Marauder x3  
  118  11:55  Siege Tank  
  118  11:57  Barracks Reactor  
  128  12:05  Marauder  
  130  12:12  Marine x5  
  136  12:15  Marauder  
  136  12:19  Marine  
  136  12:20  Marauder x2, Orbital Command  
  141  12:26  Marine  
  142  12:30  Marine x2  
  142  12:31  Marine x3  
Show
View Real Time Build Order
Export as new Build Order

PengWin Zerg 

Build Orders: Pool First 

Get SALT Encoding   

  12  0:00  Drone  
  13  0:12  Overlord  
  13  0:17  Drone  
  14  0:30  Drone x2  
  16  0:36  Drone  
  17  0:44  Extractor  
  17  0:49  Spawning Pool, Drone  
  16  1:10  Hatchery  
  15  1:14  Drone  
  16  1:27  Drone  
  17  1:37  Zergling x4  
  17  1:38  Queen  
  21  1:45  Metabolic Boost  
  21  1:52  Overlord  
  21  2:08  Drone  
  21  2:13  Queen  
  24  2:25  Queen  
  26  2:33  Drone  
  26  2:34  Drone x4  
  31  2:48  Overlord, Drone x3  
  34  3:07  Drone  
  34  3:08  Drone x2  
  37  3:17  Drone x4  
  37  3:19  Lair  
  41  3:21  Extractor  
  40  3:36  Drone x3  
  41  3:46  Spine Crawler  
  40  3:53  Zergling x2  
  40  3:54  Overlord, Zergling x6  
  40  3:55  Overlord  
  44  3:58  Overlord x2  
  44  4:15  Drone x5  
  49  4:18  Spire  
  49  4:20  Extractor  
  49  4:22  Extractor  
  49  4:23  Queen  
  48  4:25  Drone  
  48  4:26  Drone x3  
  48  4:29  Zergling x2  
  53  4:35  Zergling x8  
  53  5:02  Drone x6  
  59  5:10  Overlord x2  
  59  5:11  Drone  
  59  5:12  Overlord  
  60  5:33  Mutalisk, Hatchery  
  60  5:34  Mutalisk x5  
  71  5:40  Mutalisk  
  73  5:47  Mutalisk  
  75  5:51  Drone x2, Evolution Chamber  
  75  5:52  Evolution Chamber, Drone  
  76  6:08  Drone  
  77  6:13  Roach Warren, Drone  
  77  6:14  Drone x5  
  77  6:17  Zerg Missile Weapons Level 1  
  77  6:18  Zerg Ground Armor Level 1  
  82  6:36  Overlord, Drone  
  82  6:37  Overlord x4, Drone  
  77  6:59  Drone x6  
  77  7:00  Drone x2  
  81  7:04  Glial Reconstitution  
  80  7:17  Roach x7  
  94  7:27  Roach x2  
  94  7:28  Roach  
  100  7:31  Roach  
  102  7:40  Ravager  
  102  7:41  Ravager  
  102  7:42  Ravager x4  
  102  7:43  Zergling x2  
  102  7:44  Zergling x12  
  114  7:47  Roach  
  114  7:48  Roach x2  
  112  7:59  Queen  
  111  8:07  Roach x5  
  121  8:18  Overlord x5  
  118  8:38  Drone x5  
  118  8:39  Drone x6  
  116  8:57  Roach  
  116  8:58  Roach x6  
  130  9:06  Roach x5  
  139  9:17  Roach x5  
  139  9:18  Queen  
  147  9:26  Mutalisk x2  
  149  9:38  Hatchery, Extractor  
  147  9:42  Extractor  
  147  9:44  Roach  
  147  9:45  Roach x3  
  154  9:46  Overlord x4  
  154  9:59  Queen  
  142  10:02  Zerg Missile Weapons Level 2, Zerg Ground Armor Level 2  
  142  10:07  Drone x3  
  143  10:09  Roach x2  
  143  10:10  Roach x3  
  155  10:27  Hydralisk Den  
  154  10:31  Ravager x2  
  154  10:32  Ravager x5  
  149  10:56  Roach x14  
  104  11:12  Pneumatized Carapace  
  104  11:14  Queen, Grooved Spines  
  104  11:15  Drone x8  
  114  11:31  Roach x6  
  114  11:43  Roach x7  
  94  11:56  Roach x9  
  110  12:13  Hydralisk  
  110  12:14  Hydralisk x9  
  130  12:25  Hatchery  
Tags
 
Add a new tag
Caveats
  • Supply blocks, unpowered buildings, or Contaminate may cause inaccurate times.
  • Supply counts are checked every 10 seconds.